 Dungeon Sprint DCSS version 0.30-a0-123-g91d0c66ccf (webtiles) character file.

Game seed: 16617734275805679013

1934 Ofeo the Covert (level 9, 0/81 HPs)
             Began as a Formicid Hunter on Sept 17, 2022.
             Was an Elder of Okawaru.
             Slain by a four-headed hydra (9 damage)
             ... in the Dungeon (Sprint IX: "|||||||||||||||||||||||||||||").
             The game lasted 00:03:21 (575 turns).

Ofeo the Covert (Formicid Hunter)                    Turns: 575, Time: 00:03:21

Health: 0/81       AC:  8    Str: 15    XL:     9   Next: 40%
Magic:  9/9        EV: 20    Int: 10    God:    Okawaru [****..]
Gold:   0          SH:  0    Dex: 24    Spells: 8/8 levels left

rFire   . . .      SeeInvis +    b - +4 quarterstaff (speed)
rCold   . . .      Faith    .    (no shield)
rNeg    . . .      Spirit   .    j - +2 ring mail
rPois   .          Reflect  .    (helmet unavailable)
rElec   .          Harm     .    i - +0 cloak
rCorr   .          Rampage  .    (no gloves)
Will    .....                    (no boots)
Stlth   +++++.....               (no amulet)
HPRegen 0.23/turn                k - +3 ring of dexterity
MPRegen 0.11/turn                l - +2 ring of evasion

@: no status effects
A: permanent stasis, dig shafts and tunnels, antennae 3, four strong arms
a: Dig, Renounce Religion, Heroism, Finesse


You were in the Dungeon.
You worshipped Okawaru.
Okawaru was greatly pleased with you.
You visited 1 branch

Inventory:

Hand Weapons
 a - a +0 shortbow
 b - a +4 quarterstaff of speed (weapon)
Armour
 c - a +0 leather armour
 i - a +0 cloak (worn)
 j - a +2 ring mail (worn)
Jewellery
 k - a +3 ring of dexterity (left hand)
 l - a +2 ring of evasion (right hand)
Wands
 g - a wand of light (1)
Scrolls
 e - 2 scrolls of amnesia
 m - a scroll of immolation
Potions
 d - a potion of invisibility
 f - 4 potions of magic
 h - 2 potions of heal wounds {@q2}
 q - 5 potions of curing {@q1}


   Skills:
 + Level 11.3 Fighting
 + Level 11.0 Ranged Weapons
 + Level 9.5 Dodging
 + Level 13.1 Stealth


You had 8 spell levels left.
You didn't know any spells.
Your spell library was empty.

Dungeon Overview and Level Annotations

Branches:
Dungeon (1/1)

Altars:
Cheibriados
Dithmenos
Elyvilon
Fedhas
Gozag
Hepliaklqana
Kikubaaqudgha
Makhleb
Nemelex Xobeh
Okawaru
Qazlal
Ru
Sif Muna
Trog
Uskayaw
Vehumet
Wu Jian
Xom
Yredelemnul
Zin
The Shining One
Jiyva
Lugonu


Innate Abilities, Weirdness & Mutations

You cannot be hasted, slowed, berserked, paralysed or teleported.
You can dig through walls and to a lower floor.
You have a pair of large antennae on your head. (SInv)
Your four strong arms can wield two-handed weapons with a shield.


Message History

The slime creature hits you but does no damage.
You hit the slime creature.
The slime creature is almost dead.
The slime creature hits you!
* * * LOW HITPOINT WARNING * * *
You take 13 damage, and have 18/81 hp.
The four-headed hydra roars!
You hit the slime creature.
The slime creature is almost dead.
The four-headed hydra is no longer blind.
The slime creature misses you.
You barely miss the slime creature.
The slime creature is almost dead.
The slime creature hits you.
* * * LOW HITPOINT WARNING * * *
You take 5 damage, and have 13/81 hp.
You hit the slime creature.
The slime creature is almost dead.
The slime creature hits you.
* * * LOW HITPOINT WARNING * * *
You take 5 damage, and have 8/81 hp.
You barely miss the slime creature.
The slime creature is almost dead.
You hit the slime creature.
The slime creature is almost dead.
The tengu warrior is no longer blind.
The slime creature barely misses you.
You hit the slime creature.
You kill the slime creature!
Okawaru accepts your kill.
Your Ranged Weapons skill increases to level 11!
Your Stealth skill increases to level 13!
You hit the four-headed hydra.
The four-headed hydra is heavily wounded.
The four-headed hydra closely misses you. x3
The four-headed hydra bites you but does no damage.
You sock the four-headed hydra!
The four-headed hydra is severely wounded.
The four-headed hydra barely misses you.
The four-headed hydra bites you!
You die...

▓.▓
▓.▓
▓)▓
▓.▓
▓†▓
▓Q▓
▓D▓
▓@▓
▓÷▓
▓÷▓
▓.▓
▓)▓
▓)▓
{
▓'▓
▓.▓
{
▓.▓


You could see a four-headed hydra and a tengu warrior.

Vanquished Creatures
  A two-headed ogre (D)
  A kobold demonologist (D)
  A slime creature (D)
  3 yaks (D)
  A vampire mosquito (D)
  An acid dragon (D)
  A centaur (D)
  A gnoll sergeant (D)
  A hound (D)
  2 iguanas (D)
  A dart slug (D)
  An orc (D)
  A goblin (D)
  A jackal (D)
  A frilled lizard (D)
  A kobold (D)
  A rat (D)
20 creatures vanquished.

Notes
Turn   | Place    | Note
-------+----------+-------------------------------------------
     0 | D        | Ofeo the Formicid Hunter began the quest for the Orb.
     0 | D        | Reached XP level 1. HP: 16/16 MP: 1/1
     8 | D        | Reached skill level 2 in Stealth
   119 | D        | Noticed an iguana
   119 | D        | Noticed an iguana
   119 | D        | Noticed a hound
   124 | D        | Reached XP level 2. HP: 16/24 MP: 2/2
   129 | D        | Reached skill level 5 in Ranged Weapons
   129 | D        | Reached skill level 4 in Stealth
   129 | D        | Reached XP level 3. HP: 16/30 MP: 3/3
   137 | D        | Reached skill level 5 in Stealth
   137 | D        | Reached XP level 4. HP: 34/38 MP: 4/4
   138 | D        | Reached skill level 5 in Fighting
   154 | D        | Found a snail-covered altar of Cheibriados.
   154 | D        | Found a shadowy altar of Dithmenos.
   154 | D        | Found a white marble altar of Elyvilon.
   154 | D        | Found a blossoming altar of Fedhas.
   154 | D        | Found an opulent altar of Gozag.
   155 | D        | Found a hazy altar of Hepliaklqana.
   156 | D        | Found a viscous altar of Jiyva.
   157 | D        | Found an ancient bone altar of Kikubaaqudgha.
   158 | D        | Found a corrupted altar of Lugonu.
   159 | D        | Found a burning altar of Makhleb.
   160 | D        | Found a sparkling altar of Nemelex Xobeh.
   161 | D        | Found an iron altar of Okawaru.
   162 | D        | Found a stormy altar of Qazlal.
   163 | D        | Found a sacrificial altar of Ru.
   164 | D        | Found a shimmering blue altar of Sif Muna.
   165 | D        | Found a bloodstained altar of Trog.
   166 | D        | Found a hide-covered altar of Uskayaw.
   167 | D        | Found a radiant altar of Vehumet.
   168 | D        | Found an ornate altar of the Wu Jian Council.
   169 | D        | Found a shimmering altar of Xom.
   170 | D        | Found a basalt altar of Yredelemnul.
   171 | D        | Found a glowing silver altar of Zin.
   172 | D        | Found a glowing golden altar of the Shining One.
   181 | D        | Became a worshipper of Warmaster Okawaru
   246 | D        | Noticed an acid dragon
   246 | D        | Noticed a yak
   246 | D        | Noticed a yak
   246 | D        | Noticed a yak
   246 | D        | Noticed a two-headed ogre
   246 | D        | Noticed a gnoll sergeant
   251 | D        | Killed a gnoll sergeant
   252 | D        | Reached skill level 5 in Dodging
   252 | D        | Reached skill level 6 in Stealth
   252 | D        | Reached XP level 5. HP: 46/46 MP: 5/5
   261 | D        | Killed a two-headed ogre
   261 | D        | Reached * piety under Okawaru
   261 | D        | Reached ** piety under Okawaru
   261 | D        | Killed a yak
   261 | D        | Reached *** piety under Okawaru
   261 | D        | Killed a yak
   261 | D        | Killed a yak
   262 | D        | Reached skill level 10 in Fighting
   262 | D        | Reached skill level 10 in Ranged Weapons
   262 | D        | Reached skill level 11 in Stealth
   262 | D        | Reached XP level 6. HP: 9/60 MP: 6/6
   262 | D        | Reached XP level 7. HP: 10/66 MP: 7/7
   262 | D        | Reached XP level 8. HP: 11/72 MP: 8/8
   263 | D        | Reached **** piety under Okawaru
   264 | D        | Reached skill level 12 in Stealth
   552 | D        | Noticed a tengu warrior
   552 | D        | Noticed a four-headed hydra
   552 | D        | Noticed a slime creature
   552 | D        | Noticed a kobold demonologist
   557 | D        | Noticed a sixfirhy
   561 | D        | Killed a kobold demonologist
   562 | D        | Reached XP level 9. HP: 30/79 MP: 9/9
   573 | D        | Killed a slime creature
   574 | D        | Reached skill level 13 in Stealth
   575 | D        | Slain by a four-headed hydra

Illustrated notes

Levels and vault maps discovered:
D:        linesprint [early_d, line_temple, items_1, d_10, items_2, lair_1,
          lair_end, items_3, orc_1, orc_end, items_4, d_15, swamp_1, shoals_1,
          snake_1, spider_1, d_20, vaults_1, items_5, swamp_end, shoals_end,
          snake_end, spider_end, vaults_end, d_27, items_6, zot_1, zot_end,
          crypt_end, forest_end, elf_end, slime_end, tomb_end, abyss_end,
          pan_hell_end]

Skill      XL: |  1  2  3  4  5  6  7  8  9 |
---------------+----------------------------+-----
Dodging        | 2 3 5 8 9 |  9.5
Stealth        | 2 4 5 6 11 12 13 | 13.1
Fighting       | 3 4 6 10 11 | 11.3
Ranged Weapons | 5 6 10 11 | 11.0

Action                   |  1- 3 |  4- 6 |  7- 9 || total
-------------------------+-------+-------+-------++-------
Melee: Quarterstaff      |       |     9 |    11 ||    20
 Fire: Shortbow          |    21 |     1 |     7 ||    29
Evoke: Wand              |       |     4 |     5 ||     9
  Use: Potion            |     1 |       |       ||     1
 Stab: Invisible         |       |     4 |       ||     4
Armor: Leather armour    |     4 |       |       ||     4
       Ring mail         |       |       |     5 ||     5
Dodge: Dodged            |    17 |     8 |    16 ||    41

Table legend: (Time is in decaauts)
 A = Elapsed time spent in this place.
 B = Non-inter-level travel time spent in this place.
 C = Inter-level travel time spent in this place.
 D = Time resting spent in this place.
 E = Time spent auto-exploring this place.
 F = Levels seen in this place.
 G = Mean time per level.
                   A        B        C        D        E       F      G
               +--------+--------+--------+--------+--------+-----+--------+
         Total |    577 |    577 |      0 |    375 |      0 |   1 |  577.0 |
       Dungeon |    577 |    577 |      0 |    375 |      0 |   1 |  577.0 |
               +--------+--------+--------+--------+--------+-----+--------+

Top non-repeatable levels by time:
       D: 577 daAuts
